AoeStats
← [CL]Sendoh

Nomad

510846244Analyzed
2v2 RM · 15h ago on Oct 2, 2026· 12m 32s· 4 players
Game mode
Random Map
Map size
176×176
Population
200
Speed
Normal
Resources
Standard
Victory
Conquest
Starting age
Dark Age
Ending age
Imperial Age
RankedLock teamsTeams togetherTeam positionsShared explorationLock speedFull tech treeHidden civsTurbo modeCheats
Victory
Defeat
🇩🇰 Byzantines · Denmark
1447
+14
🇮🇳 Malay · India
1358
+17
🇨🇱 Italians · Chile
1411
-16
🇨🇱 Spanish · Chile
1369
-15
[CL]Sendoh
4:40 Loom
13:42 Feudal Age
[CL]Jigsaw
3:43 Loom
MasalaDosa
4:03 Loom
11:57 Feudal Age
12:43 Double-Bit Axe
Still allgreen
4:33 Loom
13:54 Feudal Age
Connection lost

Rejoining the realm…

Still unreachable

The connection could not be restored.

Session expired

The server has moved on; the page needs a fresh start.